 Dungeon Crawl Stone Soup version 0.20.1-1-g8b1a95d (webtiles) character file.

1013 Ymberti the Slasher (level 8, 0/68 HPs)
             Began as a Hill Orc Fighter on Oct 3, 2017.
             Was an Initiate of Beogh.
             Succumbed to a water moccasin's poison
             ... on level 4 of the Dungeon.
             The game lasted 00:13:05 (3992 turns).

Ymberti the Slasher (Hill Orc Fighter)              Turns: 3992, Time: 00:13:06

Health: 0/68       AC: 12    Str: 19    XL:     8   Next: 21%
Magic:  8/8        EV:  7    Int:  8    God:    Beogh [......]
Gold:   243        SH: 10    Dex: 12    Spells: 7/7 levels left

rFire    . . .     SeeInvis .   a - +0 long sword
rCold    + . .     Gourm    +   c - +0 shield
rNeg     . . .     Faith    .   m - +3 chain mail
rPois    .         Spirit   .   (no helmet)
rElec    .         Reflect  .   (no cloak)
rCorr    .         Harm     .   (no gloves)
MR       .....                  (no boots)
Stlth    ..........             q - amulet of the gourmand
Regen    0.3/turn               v - ring of wizardry
MPRegen  0.2/turn               x - ring of protection from cold

@: lethally poisoned (0 -> -18)
A: no striking features
a: Renounce Religion


You were on level 4 of the Dungeon.
You worshipped Beogh.
Beogh was noncommittal.
You were not hungry.

You visited 1 branch of the dungeon, and saw 5 of its levels.

You collected 243 gold pieces.

Inventory:

Hand Weapons
 a - a +0 long sword (weapon)
Missiles
 w - a throwing net (quivered)
Armour
 c - a +0 shield (worn)
 m - a +3 chain mail (worn)
Jewellery
 q - an amulet of the gourmand (around neck)
 v - a ring of wizardry (left hand)
 x - a ring of protection from cold (right hand)
Wands
 o - a wand of random effects (23/48)
Scrolls
 b - 2 scrolls of blinking {unknown}
 e - a scroll of random uselessness {unknown}
 h - 2 scrolls of teleportation {unknown}
 i - 3 scrolls of remove curse
 j - 2 scrolls of identify {unknown}
 l - a scroll of fear {unknown}
 r - a scroll of magic mapping {unknown}
 s - a scroll of recharging {unknown}
 t - a scroll of fog {unknown}
Potions
 d - a potion of mutation {unknown}
 g - a potion of haste {unknown}
 k - a potion of degeneration {unknown}
 p - a potion of berserk rage {unknown}
 u - a potion of ambrosia {unknown}
 z - a potion of flight
Comestibles
 f - 4 bread rations
 n - 4 fruits


   Skills:
 + Level 5.0 Fighting
 + Level 6.6 Long Blades
 + Level 4.8 Armour
 * Level 3.1 Dodging
 + Level 5.5 Shields


You had 7 spell levels left.
You didn't know any spells.

Dungeon Overview and Level Annotations

Branches:
Dungeon (5/15)
 Temple: D:4-7

Altars:
Fedhas
Gozag
Makhleb
Ru
Uskayaw


Message History

The water moccasin is moderately wounded.
* * * LOW HITPOINT WARNING * * *
You feel sick.
The water moccasin bites you but does no damage.
The water moccasin barely misses you.
Your shield and chain mail prevent you from hitting the water moccasin.
The water moccasin is moderately wounded.
* * * LOW HITPOINT WARNING * * *
You feel sick. The water moccasin barely misses you.
You block the water moccasin's attack.
You miss the water moccasin.
The water moccasin is moderately wounded.
* * * LOW HITPOINT WARNING * * *
You feel sick. The water moccasin bites you.
* * * LOW HITPOINT WARNING * * *
You are more poisoned.
The water moccasin poisons you!
You hit the water moccasin.
The water moccasin is moderately wounded.
You die...

.###....####....## #..#..# ##..
###......##......####....#####...
#♣...###....###.....#....##.>....
♣♣..♣ #.#...####.............##.
♣.♣♣ ###....####.........#####.
♣.♣ ##......###.......## ## ♣.♣
#..##.....##.....## ## ♣♣.♣
##.#####)..........# ##. ♣♣..♣
#..# ##@.........## ##.. ♣..♣♣
#.## ##S.........###... ♣_.♣ #.#
###...........#...# ..♣♣
#.######...###...........# ♣♣♣
#.##.......# #..######....
#.........## #..# ##...
#....###..# #..# #....
#..####..## #.## #..##
########...###..# #.# ##.##


You could see a water moccasin.

Vanquished Creatures
  Sigmund (D:2)
  A phantom (D:4)
  A sky beast (D:3)
  An ogre (D:4)
  A scorpion (D:4)
  A howler monkey (D:4)
  The ghost of raikaria the Sneak, a weakling VSAs (D:3)
  3 hounds (D:4)
  2 orc wizards (D:4)
  Natasha (thrice) (D:3)
  A worker ant (D:4)
  4 gnolls (D:4)
  8 adders
  3 oozes
  A worm (D:4)
  5 dart slugs
  A leopard gecko (D:3)
  8 orcs (D:4)
  2 bats (D:2)
  4 giant cockroaches (D:1)
  5 goblins
  9 hobgoblins
  10 jackals
  6 kobolds
  4 quokkas
  A ball python (D:4)
  3 frilled lizards
  7 rats
97 creatures vanquished.

Vanquished Creatures (others)
  An ooze (D:3)
  3 orcs (D:3)
  2 jackals (D:3)
  A frilled lizard (D:3)
7 creatures vanquished.

Grand Total: 104 creatures vanquished

Notes
Turn   | Place    | Note
-------+----------+-------------------------------------------
     0 | D:1      | Ymberti the Hill Orc Fighter began the quest for the Orb.
     0 | D:1      | Reached XP level 1. HP: 19/19 MP: 1/1
    33 | D:1      | Reached XP level 2. HP: 22/27 MP: 2/2
   248 | D:1      | Reached XP level 3. HP: 27/33 MP: 3/3
   587 | D:1      | You fall through a shaft!
   930 | D:2      | Noticed Sigmund
   943 | D:2      | Killed Sigmund
   943 | D:2      | Reached skill level 4 in Long Blades
   943 | D:2      | Reached skill level 1 in Dodging
   943 | D:2      | Reached XP level 4. HP: 19/41 MP: 4/4
   943 | D:2      | Reached XP level 5. HP: 22/47 MP: 5/5
   965 | D:2      | Found an opulent altar of Gozag.
  1191 | D:2      | Reached XP level 6. HP: 53/53 MP: 6/6
  1355 | D:3      | Noticed Natasha
  1362 | D:3      | Killed Natasha
  1510 | D:3      | Noticed a sky beast
  1522 | D:3      | Killed a sky beast
  1541 | D:3      | Noticed Natasha
  1541 | D:3      | Noticed raikaria's ghost (weakling VSAs)
  1569 | D:3      | Killed raikaria's ghost
  1574 | D:3      | Killed Natasha
  1574 | D:3      | Reached skill level 5 in Long Blades
  1603 | D:3      | Became a worshipper of Beogh the Brigand
  1611 | D:3      | Noticed Natasha
  1625 | D:3      | Killed Natasha
  1625 | D:3      | Reached XP level 7. HP: 41/60 MP: 7/7
  1884 | D:3      | Found a burning altar of Makhleb.
  1900 | D:3      | Found a hide-covered altar of Uskayaw.
  2279 | D:4      | Found a sacrificial altar of Ru.
  2518 | D:4      | Reached skill level 5 in Shields
  2545 | D:4      | Reached skill level 6 in Long Blades
  3520 | D:4      | Reached XP level 8. HP: 64/67 MP: 8/8
  3748 | D:4      | Found a blossoming altar of Fedhas.
  3970 | D:5      | Entered Level 5 of the Dungeon
  3984 | D:4      | Reached skill level 5 in Fighting
  3990 | D:4      | HP: 3/68 [poisoned by a water moccasin]
  3992 | D:4      | Succumbed to a water moccasin's poison

Skill      XL: |  1  2  3  4  5  6  7  8 |
---------------+-------------------------+-----
Fighting       | 4 5 |  5.0
Long Blades    | 4 5 6 |  6.6
Armour         | 4 |  4.8
Dodging        | 1 2 3 |  3.1
Shields        | 4 5 |  5.5

Action                   |  1- 3 |  4- 6 |  7- 9 || total
-------------------------+-------+-------+-------++-------
Melee: Long sword        |   133 |   101 |   226 ||   460
Invok: Convert to Beogh  |       |     1 |       ||     1
  Use: Potion            |     3 |       |     2 ||     5
       Scroll            |       |       |     1 ||     1
  Eat: Meat ration       |       |     1 |       ||     1
       Bread ration      |       |       |     1 ||     1
       Royal jelly       |       |       |     1 ||     1
Armor: Scale mail        |    28 |       |       ||    28
       Chain mail        |    42 |    60 |    99 ||   201
Dodge: Dodged            |    34 |    33 |    51 ||   118
Block: Shield            |    72 |    62 |   125 ||   259
       Rpst.: Long sword |     8 |     7 |    20 ||    35
